 Dungeon Crawl Stone Soup version 0.29-a0-384-g6960b1960d (webtiles) character file.

Game seed: 6409538132320612315

9266 spaghetti the Spear-Bearer (level 11, -12/120 HPs)
             Began as a Gnoll Berserker on May 7, 2022.
             Was an Elder of Trog.
             Killed from afar by Erica (22 damage)
             ... with a lance of force
             ... on level 2 of the Lair of Beasts.
             The game lasted 00:18:32 (11791 turns).

spaghetti the Spear-Bearer (Gnoll Berserker)       Turns: 11791, Time: 00:18:33

Health: -12/120    AC: 11    Str: 20    XL:     11   Next: 43%
Magic:  20/20      EV:  9    Int:  7    God:    Trog [****..]
Gold:   419        SH:  6    Dex: 18    Spells: 22/22 levels left

rFire   . . .      SeeInvis .   L - +3 dagger (elec) {short}
rCold   . . .      Faith    .   i - +0 buckler
rNeg    + . .      Spirit   .   H - +0 plate armour
rPois   .          Reflect  .   (no helmet)
rElec   .          Harm     .   A - +2 cloak
rCorr   .          Rampage  .   (no gloves)
Will    ++...                   (no boots)
Stlth   ..........              C - macabre finger necklace {rN+}
HPRegen 1.30/turn               k - +4 ring of slaying
MPRegen 0.17/turn               l - +6 ring of dexterity
                                e - ring of flight

@: berserking, lethally poisoned (-12 -> -12), strong-willed, flying,
regenerating, very quick
A: fangs 1, strong nose, distributed training, deformed body, frail 1, screaming
1
a: Renounce Religion, Berserk, Trog's Hand, Brothers in Arms


You were on level 2 of the Lair of Beasts.
You worshipped Trog.
Trog was greatly pleased with you.
You visited 2 branches of the dungeon, and saw 10 of its levels.
You also visited: Sewer.

You collected 419 gold pieces.


Innate Abilities, Weirdness & Mutations

You have very sharp teeth.
Your uncanny sense of smell can sniff out nearby items.
Your experience applies equally to all skills.
Armour fits poorly on your strangely shaped body.
You are frail. (-10% HP)
You occasionally shout uncontrollably at your foes.


   Skills:
 + Level 9.2 Fighting
 + Level 6.3 Short Blades
 + Level 6.3 Long Blades
 + Level 6.3 Axes
 + Level 6.3 Maces & Flails
 + Level 9.2 Polearms
 + Level 6.3 Staves
 + Level 6.3 Slings
 + Level 6.3 Bows
 + Level 6.3 Crossbows
 + Level 6.3 Throwing
 + Level 7.9 Armour
 + Level 7.9 Dodging
 + Level 6.3 Stealth
 + Level 6.3 Shields
 + Level 6.3 Unarmed Combat
 + Level 6.3 Spellcasting
 + Level 5.2 Conjurations
 + Level 5.2 Hexes
 + Level 5.2 Summonings
 + Level 5.2 Necromancy
 + Level 5.2 Translocations
 + Level 5.2 Transmutations
 + Level 5.2 Fire Magic
 + Level 5.2 Ice Magic
 + Level 5.2 Air Magic
 + Level 5.2 Earth Magic
 + Level 5.2 Poison Magic
 + Level 6.9 Invocations
 + Level 6.3 Evocations


You had 22 spell levels left.
You didn't know any spells.
Your spell library contained the following spells:

 Spells                   Type           Power      Damage    Failure   Level
 Beastly Appendage        Tmut           18%        N/A       58%         1
 Wereblood                Tmut           9%         N/A       75%         2
 Dazzling Flash           Conj/Hex       18%        N/A       92%         3
 Frozen Ramparts          Ice            18%        1d3       92%         3
 Ozocubu's Armour         Ice            9%         N/A       92%         3
 Spider Form              Tmut/Pois      9%         N/A       92%         3
 Ice Form                 Ice/Tmut       9%         N/A       100%        4
 Summon Ice Beast         Ice/Summ       9%         N/A       100%        4
 Agony                    Necr           9%         N/A       100%        5
 Silence                  Hex/Air        4%         N/A       100%        5
 Ozocubu's Refrigeration  Ice            4%         4d5       100%        7

Inventory:

Hand Weapons
 a - a +0 spear {polearm}
 t - a +0 hunting sling of flaming {sling}
   (You found it on level 4 of the Dungeon)
 B - a +0 whip of freezing {mace}
   (You took it off Pikel on level 5 of the Dungeon)
 I - a +1 dagger of venom {short}
   (You took it off an orc wizard on level 6 of the Dungeon)
 L - a +3 dagger of electrocution (weapon) {short}
   (You took it off an orc wizard on level 7 of the Dungeon)
Missiles
 c - 192 stones (quivered) {throwing}
 h - 28 poisoned darts {throwing}
Armour
 i - a +0 buckler (worn)
   (You found it on level 1 of the Dungeon)
 A - a +2 cloak (worn)
   (You found it on level 1 of the Lair of Beasts)
 H - a +0 plate armour (worn)
   (You found it on level 4 of the Dungeon)
Jewellery
 e - a ring of flight (on amulet)
   (You found it on level 1 of the Dungeon)
 k - a +4 ring of slaying (left hand)
   (You found it on level 2 of the Dungeon)
 l - a +6 ring of dexterity (right hand)
   (You took it off a goblin on level 2 of the Dungeon)
 x - a ring of magical power
   (You found it on level 4 of the Dungeon)
 z - a ring of positive energy
   (You found it on level 5 of the Dungeon)
 C - the macabre finger necklace (around neck) {rN+}
   (You found it on level 6 of the Dungeon)

   [amulet of nothing]

   It enables you to equip an extra ring.
   rN:        It protects you from negative energy.
 G - an amulet of reflection
   (You found it on level 1 of the Lair of Beasts)
Wands
 b - a wand of polymorph (5)
   (You found it on level 1 of the Lair of Beasts)
 d - a wand of acid (10)
   (You found it on level 7 of the Dungeon)
 s - a wand of digging (9)
   (You found it on level 3 of the Dungeon)
 w - a wand of iceblast (22)
   (You took it off a hobgoblin on level 4 of the Dungeon)
 y - a wand of flame (17)
   (You found it on level 5 of the Dungeon)
 E - a wand of mindburst (4)
   (You found it on level 1 of the Lair of Beasts)
Scrolls
 f - a scroll of poison {!r}
 g - 5 scrolls of teleportation {@r4}
 j - 3 scrolls of blinking {!r}
 n - 3 scrolls of magic mapping {unknown}
 r - 2 scrolls of fog
 u - 2 scrolls of amnesia
 D - 2 scrolls of vulnerability {!r!r}
 F - a scroll of silence {!r}
Potions
 m - 2 potions of heal wounds {@q2}
 o - a potion of degeneration {unknown}
 p - a potion of invisibility {unknown}
 q - 3 potions of curing {unknown}
 v - 2 potions of haste {unknown}
 J - a potion of might {unknown}
 K - 2 potions of brilliance {unknown}

Dungeon Overview and Level Annotations

Branches:
Dungeon (8/15)             Temple (0/1) D:7            Lair (2/6) D:8
  Sewer (visited)
  Swamp: Lair:2-4    Shoals: Lair:2-4     Snake: Lair:2-4    Spider: Lair:2-4

Altars:
Dithmenos

Annotations:
D:4 1 runed translucent door, Crazy Yiuf
Lair:2 Erica

##........##
#..........##
#...........< ...
#............ #.#
#.......(....
###.####............
#P....##....S.##...#
#...##.....F## ≈..
#....##...@## .
##....#.#.†{#.
##.....†....(..≈≈
####...#...>....(§≈≈
##.#.....#.##.....$§§≈
#........#######.#.§≈§
#........# .###..§
......##P# # #(.≈
....######


You could see a cane toad and a water moccasin.


Message History

Your hp is fully restored (80).
A bullfrog comes into view.
The bullfrog gives a loud, deep croak!
The bullfrog swells and bulges.
A bullfrog is nearby!
A bullfrog is nearby!
You throw a stone {throwing}.
The stone {throwing} closely misses the bullfrog.
A cane toad comes into view.
You throw a stone {throwing}.
The stone {throwing} hits the cane toad.
You throw a stone {throwing}. The stone {throwing} hits the bullfrog.
A basilisk comes into view.
Unknown command.
You throw a stone {throwing}. The basilisk hisses angrily.
The stone {throwing} hits the bullfrog!
Erica the Fiery-Tempered comes into view.
She is wielding a +4 scimitar of flaming and wearing a +2 robe of willpower.
You block the bullfrog's attack.
You miss the bullfrog.
Erica shouts!
You bite the bullfrog. The bullfrog hits you. 😕 HP[-4]
You take 4 damage, and now have 76/80 hp.
You hit the bullfrog. You bite the bullfrog. The cane toad stings you!!
The bullfrog hits you but does no damage. 😮 HP[-20]
You take 20 damage, and now have 56/80 hp.
MASSIVE DAMAGE!! (PAUSE)
You miss the bullfrog. The cane toad barely misses you.
The bullfrog closely misses you.
Your skin crawls.
You feel strong-willed. The bullfrog barely misses you.
The cane toad stings you!
Erica mumbles some strange words.
Erica flickers and vanishes!
Deactivating autopickup; reactivate with Ctrl-A. 😮 HP[-7]
You take 7 damage, and now have 49/80 hp.
You fail to use your ability.
The bullfrog barely misses you. The cane toad barely misses you.
The bullfrog barely misses you. 😮 HP[+1] Unknown command.
Unknown command.
You fail to use your ability.
The cane toad stings you!
* * * LOW HITPOINT WARNING * * *
You are poisoned.
The cane toad poisons you! You block the bullfrog's attack.
The cane toad stings you.
* * * LOW HITPOINT WARNING * * *
😨 HP[-15]
You take 15 damage, and now have 35/80 hp.
Unknown command.
A red film seems to cover your vision as you go berserk!
You feel yourself moving faster!
You feel mighty!
You feel very sick. The bullfrog barely misses you.
You block the basilisk's attack. You block the cane toad's attack.
You block the bullfrog's attack.
A water moccasin comes into view. 😨 HP[+15]
You now have 120 max hp (+40).
You regained 15 hp, and now have 50/120 hp.
The water moccasin hisses angrily.
You puncture the bullfrog!
You feel sick.
You puncture the bullfrog!
You feel the power of Trog in you as your rage grows.
You kill the bullfrog!
Trog accepts your kill.
You feel sick. The cane toad stings you!!
* * * LOW HITPOINT WARNING * * *
The basilisk gazes at you.
You resist with almost no effort. 😨 HP[-19]
You take 19 damage, and now have 31/120 hp.
You puncture the basilisk!
You feel sick. The cane toad stings you.
* * * LOW HITPOINT WARNING * * *
😱 HP[-4]
You take 4 damage, and now have 27/120 hp.
Unknown command.
You closely miss the basilisk. Your bite misses the basilisk.
You feel sick. Something completely misses you. The basilisk bites you.
* * * LOW HITPOINT WARNING * * *
😱 HP[-2]
You take 2 damage, and now have 25/120 hp.
Unknown command.
Unknown command.
You puncture the basilisk!
You feel sick. The cane toad stings you!
* * * LOW HITPOINT WARNING * * *
😱 HP[-15]
You take 15 damage, and now have 10/120 hp.
You puncture the basilisk!
You kill the basilisk!
Trog accepts your kill.
You feel sick.
You hear some strange, mumbled words.
A lance of force appears from out of thin air!
The lance of force hits you!!
You die...

Skill      XL: |  1  2  3  4  5  6  7  8  9 10 11 |
---------------+----------------------------------+-----
Invocations    | 1 2 3 4 5 6 |  6.9
Short Blades   | 1 2 3 4 5 6 |  6.3
Long Blades    | 1 2 3 4 5 6 |  6.3
Axes           | 1 2 3 4 5 6 |  6.3
Maces & Flails | 1 2 3 4 5 6 |  6.3
Staves         | 1 2 3 4 5 6 |  6.3
Slings         | 1 2 3 4 5 6 |  6.3
Bows           | 1 2 3 4 5 6 |  6.3
Crossbows      | 1 2 3 4 5 6 |  6.3
Throwing       | 1 2 3 4 5 6 |  6.3
Stealth        | 1 2 3 4 5 6 |  6.3
Shields        | 1 2 3 4 5 6 |  6.3
Unarmed Combat | 1 2 3 4 5 6 |  6.3
Spellcasting   | 1 2 3 4 5 6 |  6.3
Evocations     | 1 2 3 4 5 6 |  6.3
Conjurations   | 1 2 3 4 5 |  5.2
Hexes          | 1 2 3 4 5 |  5.2
Summonings     | 1 2 3 4 5 |  5.2
Necromancy     | 1 2 3 4 5 |  5.2
Translocations | 1 2 3 4 5 |  5.2
Transmutations | 1 2 3 4 5 |  5.2
Fire Magic     | 1 2 3 4 5 |  5.2
Ice Magic      | 1 2 3 4 5 |  5.2
Air Magic      | 1 2 3 4 5 |  5.2
Earth Magic    | 1 2 3 4 5 |  5.2
Poison Magic   | 1 2 3 4 5 |  5.2
Armour         | 5 6 7 |  7.9
Dodging        | 5 6 7 |  7.9
Fighting       | 7 8 9 |  9.2
Polearms       | 7 8 9 |  9.2

Action                   |  1- 3 |  4- 6 |  7- 9 | 10-12 || total
-------------------------+-------+-------+-------+-------++-------
Melee: Spear             |   314 |    33 |   279 |       ||   626
       Bite              |    48 |     1 |    21 |    30 ||   100
       Punch             |     9 |       |       |       ||     9
       Dagger            |       |       |    32 |   239 ||   271
Throw: Stone             |    13 |    27 |   174 |    78 ||   292
Invok: Berserk           |     1 |     2 |     6 |     8 ||    17
       Trog's Hand       |       |       |       |     3 ||     3
Evoke: Wand              |       |       |       |     6 ||     6
  Use: Scroll            |       |       |     5 |     5 ||    10
       Potion            |       |       |     2 |     2 ||     4
 Stab: Sleeping          |     8 |     1 |     2 |       ||    11
Armor: Animal skin       |    20 |     2 |    12 |       ||    34
       Plate armour      |       |       |    75 |    58 ||   133
Dodge: Dodged            |    51 |     4 |    92 |    80 ||   227
Block: Buckler           |     7 |       |    56 |    61 ||   124

Levels and vault maps discovered:
D:1:      roderic_lyre, layout_loops_ring, serial_forest,
          infiniplex_forest_lined_3, infiniplex_forest_lined_room_3,
          infiniplex_forest_clump_long, infiniplex_forest_straight_4,
          infiniplex_forest_clump_medium, infiniplex_forest_lined_corner,
          infiniplex_forest_lined_4_way, minmay_tromino_v4_c
D:2:      layout_loops_ring, shapermc_ecumenical_altar_notcrosses
D:3:      layout_loops_ring, uniq_natasha, uniq_grinder
D:4:      layout_basic, uniq_crazy_yiuf_cottage, uniq_menkaure
D:5:      layout_rooms, lemuel_round_altar, grunt_decor_cap, uniq_pikel
D:6:      layout_gridville, gup_sewer_entry_bowl
D:7:      layout_layer_cave, temple_statues, minivault_23
D:8:      layout_cave_pods, david_lair_generic, serial_shops,
          nicolae_shop_advertising_works [nicolae_subvault_shop_adworks],
          uniq_maurice
Lair:1:   layout_gridlike, minmay_stone_trees_small, nicolae_lair_lil_pond,
          infiniplex_staircase_pool_2
Lair:2:   layout_cave_pods, minmay_swamp_entry_worms, amcnicky_mini_pool_medium,
          uniq_erica, uniq_gastronok

Notes
Turn   | Place    | Note
-------+----------+-------------------------------------------
     0 | D:1      | spaghetti the Gnoll Berserker began the quest for the Orb.
     0 | D:1      | Reached XP level 1. HP: 23/23 MP: 1/1
     0 | D:1      | magus.rc [v1.9.6]
   710 | D:1      | Reached XP level 2. HP: 29/29 MP: 2/2
  1550 | D:2      | Reached XP level 3. HP: 35/35 MP: 3/3
  1605 | D:2      | Reached ** piety under Trog
  1624 | D:2      | Reached skill level 1 in Invocations
  1915 | D:2      | Found a faded altar of an unknown god.
  1940 | D:2      | Reached skill level 1 in Short Blades
  1940 | D:2      | Reached skill level 1 in Long Blades
  1940 | D:2      | Reached skill level 1 in Axes
  1940 | D:2      | Reached skill level 1 in Maces & Flails
  1940 | D:2      | Reached skill level 1 in Staves
  1940 | D:2      | Reached skill level 1 in Slings
  1940 | D:2      | Reached skill level 1 in Bows
  1940 | D:2      | Reached skill level 1 in Crossbows
  1940 | D:2      | Reached skill level 1 in Throwing
  1940 | D:2      | Reached skill level 1 in Stealth
  1940 | D:2      | Reached skill level 1 in Shields
  1940 | D:2      | Reached skill level 1 in Unarmed Combat
  1940 | D:2      | Reached skill level 1 in Spellcasting
  1940 | D:2      | Reached skill level 1 in Evocations
  1940 | D:2      | Reached XP level 4. HP: 41/41 MP: 5/5
  2526 | D:3      | Noticed Grinder
  2541 | D:3      | Killed Grinder
  2542 | D:3      | Reached skill level 1 in Conjurations
  2542 | D:3      | Reached skill level 1 in Hexes
  2542 | D:3      | Reached skill level 1 in Summonings
  2542 | D:3      | Reached skill level 1 in Necromancy
  2542 | D:3      | Reached skill level 1 in Translocations
  2542 | D:3      | Reached skill level 1 in Transmutations
  2542 | D:3      | Reached skill level 1 in Fire Magic
  2542 | D:3      | Reached skill level 1 in Ice Magic
  2542 | D:3      | Reached skill level 1 in Air Magic
  2542 | D:3      | Reached skill level 1 in Earth Magic
  2542 | D:3      | Reached skill level 1 in Poison Magic
  2542 | D:3      | Reached skill level 2 in Invocations
  2542 | D:3      | Reached XP level 5. HP: 47/47 MP: 5/7
  2542 | D:3      | Reached XP level 6. HP: 53/53 MP: 5/8
  2724 | D:3      | You pick up a book of Changes {forbidden} and begin
                  | reading...
  2724 | D:3      | You add the spells Beastly Appendage, Wereblood and Spider
                  | Form to your library.
  2738 | D:3      | Noticed Natasha
  2745 | D:3      | Killed Natasha
  2746 | D:3      | Reached skill level 5 in Armour
  2746 | D:3      | Reached skill level 5 in Dodging
  2798 | D:3      | Noticed Natasha
  2803 | D:3      | Killed Natasha
  2804 | D:3      | Reached skill level 2 in Short Blades
  2804 | D:3      | Reached skill level 2 in Long Blades
  2804 | D:3      | Reached skill level 2 in Axes
  2804 | D:3      | Reached skill level 2 in Maces & Flails
  2804 | D:3      | Reached skill level 2 in Staves
  2804 | D:3      | Reached skill level 2 in Slings
  2804 | D:3      | Reached skill level 2 in Bows
  2804 | D:3      | Reached skill level 2 in Crossbows
  2804 | D:3      | Reached skill level 2 in Throwing
  2804 | D:3      | Reached skill level 2 in Stealth
  2804 | D:3      | Reached skill level 2 in Shields
  2804 | D:3      | Reached skill level 2 in Unarmed Combat
  2804 | D:3      | Reached skill level 2 in Spellcasting
  2804 | D:3      | Reached skill level 2 in Evocations
  3011 | D:4      | Noticed Menkaure
  3016 | D:4      | Killed Menkaure
  3017 | D:4      | Reached XP level 7. HP: 59/59 MP: 10/10
  3309 | D:4      | Reached skill level 7 in Fighting
  3309 | D:4      | Reached skill level 7 in Polearms
  3464 | D:4      | HP: 19/90 [gnoll/+0 flail (11)]
  3754 | D:4      | You pick up a book of the Senses {forbidden} and begin
                  | reading...
  3754 | D:4      | You add the spells Dazzling Flash, Agony and Silence to
                  | your library.
  3921 | D:4      | Found a runed translucent door.
  3922 | D:4      | Noticed Crazy Yiuf
  4007 | D:4      | Reached skill level 2 in Conjurations
  4007 | D:4      | Reached skill level 2 in Hexes
  4007 | D:4      | Reached skill level 2 in Summonings
  4007 | D:4      | Reached skill level 2 in Necromancy
  4007 | D:4      | Reached skill level 2 in Translocations
  4007 | D:4      | Reached skill level 2 in Transmutations
  4007 | D:4      | Reached skill level 2 in Fire Magic
  4007 | D:4      | Reached skill level 2 in Ice Magic
  4007 | D:4      | Reached skill level 2 in Air Magic
  4007 | D:4      | Reached skill level 2 in Earth Magic
  4007 | D:4      | Reached skill level 2 in Poison Magic
  4167 | D:5      | Entered Level 5 of the Dungeon
  4361 | D:5      | Found a shadowy altar of Dithmenos.
  4390 | D:5      | Reached skill level 3 in Invocations
  4566 | D:5      | HP: 11/60 [lemure[Pikel] (9)]
  4863 | D:5      | Reached XP level 8. HP: 67/67 MP: 12/12
  4886 | D:5      | Noticed Pikel
  4908 | D:5      | Killed Pikel
  4909 | D:5      | Reached skill level 3 in Short Blades
  4909 | D:5      | Reached skill level 3 in Long Blades
  4909 | D:5      | Reached skill level 3 in Axes
  4909 | D:5      | Reached skill level 3 in Maces & Flails
  4909 | D:5      | Reached skill level 3 in Staves
  4909 | D:5      | Reached skill level 3 in Slings
  4909 | D:5      | Reached skill level 3 in Bows
  4909 | D:5      | Reached skill level 3 in Crossbows
  4909 | D:5      | Reached skill level 3 in Throwing
  4909 | D:5      | Reached skill level 3 in Stealth
  4909 | D:5      | Reached skill level 3 in Shields
  4909 | D:5      | Reached skill level 3 in Unarmed Combat
  4909 | D:5      | Reached skill level 3 in Spellcasting
  4909 | D:5      | Reached skill level 3 in Evocations
  5235 | D:6      | Found the macabre finger necklace {rN+}
  5423 | D:6      | You pick up a book of Rime {forbidden} and begin reading...
  5423 | D:6      | You add the spells Frozen Ramparts, Ice Form and Summon Ice
                  | Beast to your library.
  5490 | D:6      | Reached skill level 4 in Invocations
  5522 | D:6      | Reached skill level 3 in Conjurations
  5522 | D:6      | Reached skill level 3 in Hexes
  5522 | D:6      | Reached skill level 3 in Summonings
  5522 | D:6      | Reached skill level 3 in Necromancy
  5522 | D:6      | Reached skill level 3 in Translocations
  5522 | D:6      | Reached skill level 3 in Transmutations
  5522 | D:6      | Reached skill level 3 in Fire Magic
  5522 | D:6      | Reached skill level 3 in Ice Magic
  5522 | D:6      | Reached skill level 3 in Air Magic
  5522 | D:6      | Reached skill level 3 in Earth Magic
  5522 | D:6      | Reached skill level 3 in Poison Magic
  5627 | D:6      | Found a glowing drain.
  5682 | D:6      | Reached *** piety under Trog
  5710 | Sewer    | Entered a sewer
  5803 | Sewer    | Reached skill level 6 in Armour
  5803 | Sewer    | Reached skill level 6 in Dodging
  5836 | Sewer    | Reached XP level 9. HP: 68/72 MP: 14/14
  6388 | D:6      | Reached skill level 4 in Short Blades
  6388 | D:6      | Reached skill level 4 in Long Blades
  6388 | D:6      | Reached skill level 4 in Axes
  6388 | D:6      | Reached skill level 4 in Maces & Flails
  6388 | D:6      | Reached skill level 4 in Staves
  6388 | D:6      | Reached skill level 4 in Slings
  6388 | D:6      | Reached skill level 4 in Bows
  6388 | D:6      | Reached skill level 4 in Crossbows
  6388 | D:6      | Reached skill level 4 in Throwing
  6388 | D:6      | Reached skill level 4 in Stealth
  6388 | D:6      | Reached skill level 4 in Shields
  6388 | D:6      | Reached skill level 4 in Unarmed Combat
  6388 | D:6      | Reached skill level 4 in Spellcasting
  6388 | D:6      | Reached skill level 4 in Evocations
  7216 | D:7      | Reached **** piety under Trog
  7559 | D:7      | Gained mutation: Armour fits poorly on your strangely
                  | shaped body. [potion of mutation]
  7559 | D:7      | Gained mutation: You occasionally shout uncontrollably at
                  | your foes. [potion of mutation]
  7559 | D:7      | Gained mutation: You are frail. (-10% HP) [potion of
                  | mutation]
  7621 | D:7      | Noticed a two-headed ogre
  7626 | D:7      | Reached skill level 8 in Fighting
  7626 | D:7      | Reached skill level 8 in Polearms
  7633 | D:7      | Killed a two-headed ogre
  7634 | D:7      | Reached skill level 5 in Invocations
  7635 | D:7      | HP: 23/99 [wight/+0 morningstar (11)]
  7640 | D:7      | Reached XP level 10. HP: 25/72 MP: 15/17
  7943 | D:7      | Reached skill level 4 in Conjurations
  7943 | D:7      | Reached skill level 4 in Hexes
  7943 | D:7      | Reached skill level 4 in Summonings
  7943 | D:7      | Reached skill level 4 in Necromancy
  7943 | D:7      | Reached skill level 4 in Translocations
  7943 | D:7      | Reached skill level 4 in Transmutations
  7943 | D:7      | Reached skill level 4 in Fire Magic
  7943 | D:7      | Reached skill level 4 in Ice Magic
  7943 | D:7      | Reached skill level 4 in Air Magic
  7943 | D:7      | Reached skill level 4 in Earth Magic
  7943 | D:7      | Reached skill level 4 in Poison Magic
  8230 | D:7      | You add the spells Ozocubu's Armour and Ozocubu's
                  | Refrigeration to your library.
  8258 | D:7      | Found a staircase to the Ecumenical Temple.
  8548 | D:7      | HP: 17/72 [orc warrior/+2 vorpal glaive (2)]
  8550 | D:7      | Reached skill level 5 in Short Blades
  8550 | D:7      | Reached skill level 5 in Long Blades
  8550 | D:7      | Reached skill level 5 in Axes
  8550 | D:7      | Reached skill level 5 in Maces & Flails
  8550 | D:7      | Reached skill level 5 in Staves
  8550 | D:7      | Reached skill level 5 in Slings
  8550 | D:7      | Reached skill level 5 in Bows
  8550 | D:7      | Reached skill level 5 in Crossbows
  8550 | D:7      | Reached skill level 5 in Throwing
  8550 | D:7      | Reached skill level 5 in Stealth
  8550 | D:7      | Reached skill level 5 in Shields
  8550 | D:7      | Reached skill level 5 in Unarmed Combat
  8550 | D:7      | Reached skill level 5 in Spellcasting
  8550 | D:7      | Reached skill level 5 in Evocations
  9444 | D:8      | Found a staircase to the Lair.
  9455 | D:8      | Reached skill level 7 in Armour
  9455 | D:8      | Reached skill level 7 in Dodging
  9461 | D:8      | Noticed a cyclops
  9464 | Lair:1   | Entered Level 1 of the Lair of Beasts
  9844 | Lair:1   | Reached skill level 6 in Invocations
 10335 | Lair:1   | Noticed a cane toad
 10346 | Lair:1   | Killed a cane toad
 10347 | Lair:1   | Reached XP level 11. HP: 55/78 MP: 19/19
 10592 | Lair:1   | Reached skill level 9 in Fighting
 10592 | Lair:1   | Reached skill level 6 in Short Blades
 10592 | Lair:1   | Reached skill level 6 in Long Blades
 10592 | Lair:1   | Reached skill level 6 in Axes
 10592 | Lair:1   | Reached skill level 6 in Maces & Flails
 10592 | Lair:1   | Reached skill level 9 in Polearms
 10592 | Lair:1   | Reached skill level 6 in Staves
 10592 | Lair:1   | Reached skill level 6 in Slings
 10592 | Lair:1   | Reached skill level 6 in Bows
 10592 | Lair:1   | Reached skill level 6 in Crossbows
 10592 | Lair:1   | Reached skill level 6 in Throwing
 10592 | Lair:1   | Reached skill level 6 in Stealth
 10592 | Lair:1   | Reached skill level 6 in Shields
 10592 | Lair:1   | Reached skill level 6 in Unarmed Combat
 10592 | Lair:1   | Reached skill level 6 in Spellcasting
 10592 | Lair:1   | Reached skill level 6 in Evocations
 10604 | Lair:1   | HP: 29/120 [komodo dragon (25)]
 10608 | Lair:1   | Reached skill level 5 in Conjurations
 10608 | Lair:1   | Reached skill level 5 in Hexes
 10608 | Lair:1   | Reached skill level 5 in Summonings
 10608 | Lair:1   | Reached skill level 5 in Necromancy
 10608 | Lair:1   | Reached skill level 5 in Translocations
 10608 | Lair:1   | Reached skill level 5 in Transmutations
 10608 | Lair:1   | Reached skill level 5 in Fire Magic
 10608 | Lair:1   | Reached skill level 5 in Ice Magic
 10608 | Lair:1   | Reached skill level 5 in Air Magic
 10608 | Lair:1   | Reached skill level 5 in Earth Magic
 10608 | Lair:1   | Reached skill level 5 in Poison Magic
 10618 | Lair:1   | HP: 12/80 [blink frog (9)]
 10624 | Lair:1   | HP: 6/80 [blink frog (9)]
 11778 | Lair:2   | Noticed Erica
 11788 | Lair:2   | HP: 30/120 [poisoned by a cane toad]
 11790 | Lair:2   | HP: 10/120 [cane toad (14)]
 11791 | Lair:2   | Killed from afar by Erica

Vanquished Creatures
  A two-headed ogre (D:7)
  Pikel (D:5)
  A black mamba (Lair:2)
  A cane toad (Lair:1)
  3 komodo dragons
  Grinder (D:3)
  8 blink frogs (Lair:1)
  A basilisk (Lair:2)
  A wyvern (D:8)
  12 yaks
  Menkaure (D:4)
  4 water moccasins
  3 black bears
  An orc warrior (D:7)
  2 centaurs
  3 wolves (Lair:1)
  2 ogres (D:5)
  3 lemures (D:5)
  2 kobold brigands
  5 bullfrogs
  2 scorpions
  2 necrophages (D:6)
  A gnoll sergeant (D:7)
  4 wights (D:7)
  2 howler monkeys (D:8)
  7 hounds
  3 orc priests (D:6)
  A gnoll shaman (D:7)
  8 orc wizards
  Natasha (twice) (D:3)
  An iguana (D:4)
  8 adders
  12 gnolls
  2 white imps
  A worm (D:3)
  4 dart slugs
  17 orcs
  10 ball pythons
  5 bats
  3 endoplasms
  16 giant cockroaches
  9 goblins
  4 hobgoblins
  2 jackals (D:2)
  17 kobolds
  12 quokkas
  5 frilled lizards
  3 rats (D:2)
  A bush (D:1)
220 creatures vanquished.

Vanquished Creatures (others)
  A fungus (Lair:2)
1 creature vanquished.

Grand Total: 221 creatures vanquished

Table legend:
 A = Non-vault XP
 B = Vault XP
 C = Vault XP percentage of total XP
 D = Non-vault monster count
 E = Vault monster count
 F = Vault count percentage of total count
                 A         B        C        D         E       F
            +---------+---------+-------+---------+---------+-------
      Total |   11216 |    2215 |  16.5 |     172 |      44 |  20.4
            +---------+---------+-------+---------+---------+-------
        D:1 |      24 |       2 |   7.7 |      13 |       1 |   7.1
        D:2 |      63 |       0 |   0.0 |      22 |       0 |   0.0
        D:3 |      71 |     307 |  81.2 |      12 |       2 |  14.3
        D:4 |     148 |     172 |  53.8 |      16 |       1 |   5.9
        D:5 |     458 |     629 |  57.9 |      13 |       1 |   7.1
        D:6 |     790 |       2 |   0.3 |      16 |       1 |   5.9
        D:7 |    2367 |       0 |   0.0 |      41 |       0 |   0.0
        D:8 |     200 |     640 |  76.2 |       7 |       4 |  36.4
     Lair:1 |    5988 |       0 |   0.0 |      27 |       0 |   0.0
     Lair:2 |    1107 |     193 |  14.8 |       5 |       1 |  16.7
      Sewer |       0 |     270 | 100.0 |       0 |      33 | 100.0
            +---------+---------+-------+---------+---------+-------

Illustrated notes

Table legend:
 A = Kills in this place as a percentage of kills in entire the game.
 B = Kills by you in this place as a percentage of kills by you in the entire game.
 C = Kills by friends in this place as a percentage of kills by friends in the entire game.
 D = Other kills in this place as a percentage of other kills in the entire game.
 E = Experience gained in this place as a percentage of experience gained in the entire game.
 F = Experience gained in this place divided by the number of levels of this place that you have seen.
                   A       B       C       D       E      F
               +-------+-------+-------+-------+-------+----------------------
         Total | 100.0 | 100.0 |   N/A |   N/A | 100.0 | 1221.0
       Dungeon |  69.4 |  69.4 |   N/A |   N/A |  43.7 | 734.1
          Lair |  15.3 |  15.3 |   N/A |   N/A |  54.3 | 3644.0
         Sewer |  15.3 |  15.3 |   N/A |   N/A |   2.0 | 270.0
               +-------+-------+-------+-------+-------+----------------------

Table legend: (Time is in decaauts)
 A = Elapsed time spent in this place.
 B = Non-inter-level travel time spent in this place.
 C = Inter-level travel time spent in this place.
 D = Time resting spent in this place.
 E = Time spent auto-exploring this place.
 F = Levels seen in this place.
 G = Mean time per level.
                   A        B        C        D        E       F      G
               +--------+--------+--------+--------+--------+-----+--------+
         Total |  11721 |  11240 |    481 |   2581 |   7055 |  11 | 1065.5 |
       Dungeon |   8984 |   8540 |    444 |   1649 |   5722 |   8 | 1123.0 |
          Lair |   2313 |   2276 |     37 |    932 |   1078 |   2 | 1156.5 |
         Sewer |    422 |    422 |      0 |      0 |    255 |   1 |  422.0 |
               +--------+--------+--------+--------+--------+-----+--------+

Top non-repeatable levels by time:
     D:7: 2165 daAuts
  Lair:1: 2049 daAuts
     D:4: 1399 daAuts
     D:6: 1380 daAuts
     D:1: 1325 daAuts
     D:5: 903 daAuts
     D:2: 847 daAuts
     D:3: 831 daAuts
   Sewer: 422 daAuts
  Lair:2: 264 daAuts
     D:8: 131 daAuts
